AoeStats
← chocksidewalk

Pilgrims

510212794Analyzed
4v4 RM · 3d ago on Sep 30, 2026· 8m 49s· 8 players
Game mode
Random Map
Map size
Large (8 player)
Population
200
Speed
Normal
Resources
Standard
Victory
Conquest
Starting age
Dark Age
Ending age
Imperial Age
RankedLock teamsTeams togetherTeam positionsShared explorationLock speedFull tech treeHidden civsTurbo modeCheats
Victory
Defeat
🇺🇸 Spanish · United States
1151
+15
🇺🇸 Turks · United States
1144
+15
🇺🇸 Tatars · United States
1130
+15
🇺🇸 Goths · United States
944
+23
🇺🇸 Japanese · United States
1130
-18
🇺🇸 Vietnamese · United States
1119
-17
🇲🇽 Burmese · Mexico
1107
-17
🇦🇷 Maya · Argentina
1099
-16
chocksidewalk
Theothegoth
7:39 Loom
TradeMarkky
7:20 Loom
Fridge96
4:46 Loom
10:33 Feudal Age
CAS MBAG
7:47 Feudal Age
Darth MBAG
decarolinadelnorte
5:05 Loom
Gilmarq97
7:47 Loom
10:43 Feudal Age
Connection lost

Rejoining the realm…

Still unreachable

The connection could not be restored.

Session expired

The server has moved on; the page needs a fresh start.